 Dungeon Crawl Stone Soup version 0.29-a0-275-g389c0b56f3 (webtiles) character file.

Game seed: 16205673651418799733

1164 jimonade the Ducker (level 8, -2/36 HPs)
             Began as a Felid Venom Mage on Mar 12, 2022.
             Was an Initiate of Ashenzari.
             Shot with a sling bullet by Joseph (10 damage)
             ... on level 7 of the Dungeon.
             The game lasted 00:52:35 (10219 turns).

jimonade the Ducker (Felid Venom Mage)             Turns: 10219, Time: 00:52:35

Health: -2/36      AC:  2    Str:  4    XL:     8   Next: 17%
Magic:  17/17      EV: 21    Int: 18    God:    Ashenzari [......]
Gold:   213        SH:  0    Dex: 17    Spells: 14/17 levels left
                                        Lives:  0   Deaths: 2

rFire   . . .      SeeInvis +     - Unarmed
rCold   . . .      Faith    .   (shield unavailable)
rNeg    . . .      Spirit   .   (body armour unavailable)
rPois   .          Reflect  .   (helmet unavailable)
rElec   .          Harm     .   (cloak unavailable)
rCorr   .          Rampage  .   (gloves unavailable)
Will    +....                   (boots unavailable)
Stlth   ++........              p - amulet of regeneration
HPRegen 0.92/turn               (no ring)
MPRegen 0.15/turn               (no ring)

@: quick
A: very small, claws 1, fangs 3, see invisible, speed 1, shaggy fur 2, stealthy
paws, no weapons or thrown items, no armour, multi-lived
a: Renounce Religion, Curse Item


You were on level 7 of the Dungeon.
You worshipped Ashenzari.
Ashenzari was noncommittal.
You visited 1 branch of the dungeon, and saw 7 of its levels.

You collected 213 gold pieces.

Inventory:

Hand Weapons
 h - a +0 dagger of draining
 o - a +3 dagger of venom
 q - the +6 shillelagh "Devastator" {shatter}
   (You found it on level 3 of the Dungeon)

   It releases a powerful concussive burst when it strikes, dealing extra damage
   to the target and all other foes adjacent to them.
 u - a +3 flail of draining
 v - a +4 quarterstaff of chaos
 H - the +7 Singing Sword {vorpal, sonic wave}
   (You found it on level 5 of the Dungeon)

   It inflicts extra damage upon your enemies.
   It radiates damaging sonic waves as it strikes, especially in combat
   involving dangerous or numerous foes.
 I - a -1 long sword of holy wrath
 K - a +2 vorpal halberd
Missiles
 d - 158 stones
 l - 3 boomerangs
 s - 3 poisoned darts
 y - 4 silver javelins
 J - 5 atropa-tipped darts
Armour
 n - a +0 cloak
Jewellery
 p - an amulet of regeneration (around neck)
 F - an amulet of reflection
 N - a +6 ring of strength
Wands
 e - a wand of polymorph (2)
 A - a wand of flame (5)
Scrolls
 f - 3 scrolls of fear
 m - 2 scrolls of enchant weapon
 w - a scroll of immolation {unknown}
 x - a scroll of vulnerability
 z - a scroll of silence {unknown}
 B - 2 scrolls of blinking {unknown}
 C - a scroll of magic mapping
 D - a scroll of brand weapon {unknown}
 G - 2 scrolls of identify {unknown}
 L - a scroll of teleportation {unknown}
 M - a scroll of enchant armour {unknown}
Potions
 a - 3 potions of magic
 b - 3 potions of attraction {unknown}
 c - a potion of haste {unknown}
 g - 4 potions of lignification {unknown}
 i - 4 potions of curing {unknown}
 j - a potion of mutation {unknown}
 k - 3 potions of brilliance {unknown}
 r - a potion of degeneration {unknown}
 t - a potion of cancellation {unknown}
 E - 4 potions of heal wounds {unknown}


   Skills:
 * Level 4.1 Fighting
 * Level 7.0 Dodging
 - Level 2.6 Stealth
 * Level 5.5 Unarmed Combat
 * Level 5.3 Spellcasting
 * Level 3.0 Transmutations
 + Level 1.0 Air Magic
 * Level 5.3 Poison Magic


You had 14 spell levels left.
You knew the following spells:

 Your Spells              Type           Power      Damage    Failure   Level
a - Sting                 Tmut/Pois      76%        1d6       2%          1
b - Poisonous Vapours     Pois/Air       32%        N/A       5%          2

Your spell library contained the following spells:

 Spells                   Type           Power      Damage    Failure   Level
 Beastly Appendage        Tmut           30%        N/A       3%          1
 Wereblood                Tmut           15%        N/A       5%          2
 Spider Form              Tmut/Pois      19%        N/A       7%          3
 Passwall                 Tmut/Erth      8%         N/A       11%         2
 Olgreb's Toxic Radiance  Pois           24%        N/A       14%         4
 Mephitic Cloud           Conj/Pois/Air  12%        N/A       16%         3
 Blink                    Tloc           8%         N/A       19%         2
 Ensorcelled Hibernation  Hex/Ice        8%         N/A       19%         2
 Swiftness                Air            8%         N/A       26%         3
 Confusing Touch          Hex            4%         N/A       36%         3
 Lesser Beckoning         Tloc           4%         N/A       36%         3
 Yara's Violent Unravell  Hex/Tmut       5%         3d4       88%         5
 Manifold Assault         Tloc           4%         N/A       98%         5
 Enfeeble                 Hex            2%         N/A       100%        7


Dungeon Overview and Level Annotations

Branches:
Dungeon (7/15)             Temple (0/1) D:5

Altars:
Ashenzari
Kikubaaqudgha
Uskayaw

Annotations:
D:5 exclusion: water moccasin
D:7 Joseph, Pikel


Innate Abilities, Weirdness & Mutations

You have sharp claws.
You have razor-sharp teeth.
You have supernaturally acute eyesight. (SInv)
You cover ground quickly. (Speed+)
You are covered in thick fur. (AC +2)
Your paws help you pounce on unaware monsters.
You are incapable of wielding weapons or throwing items.
You cannot wear armour.
You gain extra lives every three experience levels.


Message History

The lemure attacks as you move away! The lemure closely misses you.
The sting hits the lemure but does no damage.
The lemure is poisoned.
The lemure is heavily wounded.
The lemure attacks as you move away! The lemure completely misses you.
The lemure attacks as you move away! The lemure hits you.
The lemure attacks as you move away! The lemure misses you.
The lemure looks more healthy.
The lemure attacks as you move away! The lemure misses you.
The sting misses the lemure.
The lemure attacks as you move away! The lemure hits you!
The sting hits the lemure.
The lemure is poisoned.
The lemure is severely wounded.
The sting misses the lemure.
The lemure attacks as you move away! The lemure hits you.
You kill the lemure!
That felt strangely unrewarding.
You start resting.
Magic restored.
Found a stone staircase leading down.
You pick up a book of Burglary and begin reading...
You add the spells Passwall, Ensorcelled Hibernation and Swiftness to your library.
Okay, then.
Joseph, a Mercenary comes into view.
He is wielding a +1 quarterstaff of speed and carrying a wand of flame (6).
Found a scale mail.
Joseph moves out of view.
Found a robe.
You see here a +0 scale mail.
You see here a +0 scale mail.
Joseph shouts!
You hear a shout!
Joseph unwields a +1 quarterstaff of speed.
Joseph wields a +0 hunting sling.
Joseph shoots a sling bullet.
The sling bullet hits you!
You see here a +0 scale mail.
The sting misses Joseph.
Joseph shoots a sling bullet.
The sling bullet hits you!
Joseph zaps a wand.
The puff of flame hits you!
* * * LOW HITPOINT WARNING * * *
A lemure comes into view.
Joseph shoots a sling bullet.
The sling bullet hits you!
You die...

#..........# #........
#######..........# ...#####.
.....................####..#.....
....######...........#....#.###.
....................#....#.# #.
..##...#.............##.#.# #.
.@#.#.#..........#5###.#.# #. .
#.. #..>.................# #.
.[.##@#####.....@...<......### #.
......[.#.@.####.####.####..####.
##...##.#.#.# #.# #.# ##.##...
###. #...#.# #.# #.# #.##.## #.
##.##.# #.# #.# #.##.# #. #.##.#
#.# #.# #.##.# .. #.##.####.#
##.#####.##.# #. #.##......#
#...........# #. #.##..#####
#........#..#


You could see Joseph and a lemure (wandering).

Vanquished Creatures
  Maggie (D:7)
  An orc warrior (D:6)
  3 sky beasts
  An ice beast (D:5)
  An ogre (D:5)
  A lemure (D:7)
  8 scorpions
  A necrophage (D:4)
  Crazy Yiuf (D:2)
  2 jellies
  2 gnoll shamans
  2 hounds
  Jessica (D:3)
  Terence (D:2)
  5 iguanas
  Natasha (twice) (D:3)
  Robin (D:3)
  7 adders
  15 gnolls
  A shadow imp (D:5)
  A white imp (D:5)
  2 ufetubi
  4 worms
  A dart slug (D:4)
  6 orcs
  17 bats
  6 endoplasms
  2 giant cockroaches (D:1)
  13 goblins
  9 hobgoblins
  4 jackals (D:2)
  5 kobolds
  2 quokkas
  8 ball pythons
  2 frilled lizards (D:1)
  8 rats
147 creatures vanquished.

Vanquished Creatures (others)
  13 fungi (D:5)
  2 plants (D:6)
15 creatures vanquished.

Grand Total: 162 creatures vanquished

Notes
Turn   | Place    | Note
-------+----------+-------------------------------------------
     0 | D:1      | jimonade the Felid Venom Mage began the quest for the Orb.
     0 | D:1      | Reached XP level 1. HP: 7/7 MP: 4/4
   271 | D:1      | Reached skill level 3 in Dodging
   350 | D:1      | Reached XP level 2. HP: 12/12 MP: 3/6
   528 | D:1      | Found a faded altar of an unknown god.
   611 | D:1      | Reached skill level 1 in Fighting
   611 | D:1      | Reached skill level 1 in Unarmed Combat
  1359 | D:2      | Reached XP level 3. HP: 15/15 MP: 5/7
  1698 | D:2      | Found a runed translucent door.
  1699 | D:2      | Noticed Crazy Yiuf
  2461 | D:3      | Found the +6 shillelagh "Devastator" {shatter}
  2552 | D:3      | Noticed Natasha
  2612 | D:3      | Noticed Jessica
  2620 | D:3      | Reached skill level 4 in Dodging
  2873 | D:3      | Killed Jessica
  2874 | D:3      | Reached XP level 4. HP: 11/19 MP: 4/8
  2947 | D:3      | Noticed Robin
  3046 | D:3      | Killed Robin
  3216 | D:3      | Reached XP level 5. HP: 22/22 MP: 5/9
  3362 | D:3      | Noticed Terence
  3788 | D:2      | Killed Terence
  3875 | D:2      | Killed Crazy Yiuf
  3876 | D:2      | Reached skill level 5 in Dodging
  4037 | D:3      | Killed Natasha
  4546 | D:3      | Noticed Natasha
  4845 | D:3      | Killed Natasha
  4846 | D:3      | Gained mutation: You are covered in thick fur. (AC +2)
                  | [Felid growth]
  4846 | D:3      | Reached XP level 6. HP: 27/27 MP: 5/10
  5709 | D:4      | Splashed by a jelly's acid
  5710 | D:4      | Reached XP level 5. HP: -7/24 MP: 9/9
  6134 | D:4      | Found a broken altar of Ashenzari.
  6134 | D:4      | Found a hide-covered altar of Uskayaw.
  6135 | D:4      | Found an ancient bone altar of Kikubaaqudgha.
  6153 | D:4      | Became a worshipper of Ashenzari the Shackled
  6369 | D:5      | Entered Level 5 of the Dungeon
  6382 | D:5      | Noticed a water moccasin
  6460 | D:5      | Found a staircase to the Ecumenical Temple.
  6489 | D:5      | Reached XP level 6. HP: 9/27 MP: 7/11
  6976 | D:5      | Reached skill level 6 in Dodging
  6976 | D:5      | Reached XP level 7. HP: 31/31 MP: 7/12
  7363 | D:5      | Reached skill level 5 in Unarmed Combat
  7452 | D:5      | Found the +7 Singing Sword {vorpal, sonic wave}
  7899 | D:6      | Reached XP level 8. HP: 25/35 MP: 10/15
  8748 | D:6      | Learned a level 2 spell: Poisonous Vapours
  9777 | D:7      | Reached skill level 5 in Spellcasting
  9777 | D:7      | Reached skill level 5 in Poison Magic
  9836 | D:7      | Noticed Maggie
  9886 | D:7      | Slain by Maggie
  9887 | D:7      | Reached XP level 7. HP: -5/32 MP: 11/15
  9901 | D:7      | Killed Maggie
  9902 | D:7      | Reached skill level 7 in Dodging
  9902 | D:7      | Reached XP level 8. HP: 36/36 MP: 13/16
  9967 | D:7      | Reached skill level 1 in Air Magic
 10032 | D:7      | Noticed Pikel
 10199 | D:7      | Noticed Joseph
 10219 | D:7      | Shot with a sling bullet by Joseph

Illustrated notes

Levels and vault maps discovered:
D:1:      minmay_arrival_five_plusses, layout_basic,
          hellmonk_ecumenical_altar_inner_sanctum,
          chequers_serial_rivers_small_3
D:2:      layout_basic, uniq_crazy_yiuf_cottage
D:3:      layout_basic, minmay_misc_feat_four_crosses, grunt_decor_arrowhead,
          uniq_natasha, uniq_robin, uniq_terence, uniq_jessica
D:4:      layout_cave_pods, gammafunk_temple_overflow_claw
D:5:      old_forge, layout_cave_pools, minmay_temple_entry_large_hall,
          minmay_tree_intersection, minmay_misc_feat_room
D:6:      layout_gridville, serial_bayou_lake_a
D:7:      layout_loops_ring, uniq_pikel, uniq_joseph, uniq_maggie

Skill      XL: |  1  2  3  4  5  6  7  8 |
---------------+-------------------------+-----
Dodging        | 3 4 5 6 7 |  7.0
Fighting       | 1 2 3 4 |  4.1
Unarmed Combat | 1 2 4 5 |  5.5
Poison Magic   | 3 4 5 |  5.3
Spellcasting   | 3 4 5 |  5.3
Transmutations | 3 |  3.0
Air Magic      | 1 |  1.0
Stealth        | |  2.6

Action                   |  1- 3 |  4- 6 |  7- 9 || total
-------------------------+-------+-------+-------++-------
Melee: Unarmed           |    46 |   121 |   125 ||   292
       Bite              |     2 |     8 |    14 ||    24
       Punch             |       |     7 |     4 ||    11
 Cast: Sting             |    71 |   110 |    98 ||   279
       Poisonous Vapours |       |       |    27 ||    27
  Use: Scroll            |     6 |       |       ||     6
 Stab: Sleeping          |     1 |       |       ||     1
Armor: Skin              |     3 |     5 |    11 ||    19
Dodge: Dodged            |    48 |   135 |   240 ||   423

Table legend: (Time is in decaauts)
 A = Elapsed time spent in this place.
 B = Non-inter-level travel time spent in this place.
 C = Inter-level travel time spent in this place.
 D = Time resting spent in this place.
 E = Time spent auto-exploring this place.
 F = Levels seen in this place.
 G = Mean time per level.
                   A        B        C        D        E       F      G
               +--------+--------+--------+--------+--------+-----+--------+
         Total |   9011 |   8867 |    144 |   2651 |   3096 |   7 | 1287.3 |
       Dungeon |   9011 |   8867 |    144 |   2651 |   3096 |   7 | 1287.3 |
               +--------+--------+--------+--------+--------+-----+--------+

Top non-repeatable levels by time:
     D:2: 1785 daAuts
     D:3: 1679 daAuts
     D:4: 1316 daAuts
     D:6: 1160 daAuts
     D:5: 1100 daAuts
     D:7: 1094 daAuts
     D:1: 875 daAuts
